Map: Post-Youth LE

Players

TOOF

  • Race: Terran Terran
  • League: Gold
  • Spawn Location: 7:00

HUMAN - Winner!

  • Race: Terran Terran
  • League: Gold
  • Spawn Location: 1:00

VOD

Have the link to the VOD?

Description

Time

  • Played on: April 17, 2024, 6:20 a.m.
  • Length: 25:57
Show
View Real Time Build Order
Export as new Build Order

TOOF Terran 

Build Orders: Cyclone Opening 

Get SALT Encoding   

  12  0:01  SCV  
  13  0:13  SCV  
  14  0:17  Supply Depot  
  14  0:25  SCV  
  15  0:39  SCV  
  15  0:40  Barracks  
  16  0:50  Refinery  
  16  0:51  SCV  
  17  0:58  Refinery  
  17  1:03  SCV  
  18  1:15  SCV  
  19  1:27  SCV  
  19  1:29  Reaper, Supply Depot  
  21  1:41  SCV  
  22  1:53  SCV  
  23  1:58  Factory  
  24  2:01  Reaper  
  24  2:05  SCV  
  25  2:25  Orbital Command  
  24  2:45  Starport  
  24  2:47  Cyclone  
  26  2:55  Barracks Reactor  
  26  3:31  Medivac  
  27  3:36  Command Center, Cyclone  
  27  3:40  Marine x2  
  31  4:05  Supply Depot  
  31  4:12  Cyclone, Marine x2  
  35  4:25  Starport Reactor  
  35  4:28  Supply Depot  
  35  4:30  Marine x2  
  37  4:33  SCV  
  38  4:43  Refinery  
  38  4:44  Cyclone  
  34  5:44  Cyclone  
  34  5:48  Orbital Command  
  36  5:51  SCV  
  36  5:53  Marine x2  
  39  5:59  Factory  
  39  6:01  Liberator  
  39  6:02  Liberator  
  39  6:03  SCV  
  46  6:16  SCV x2  
  48  6:19  Cyclone  
  50  6:28  SCV x2  
  50  6:40  SCV x2  
  49  6:51  Cyclone  
  49  6:52  SCV x2  
  43  7:07  Factory Tech Lab  
  43  7:09  Marine  
  43  7:10  Marine  
  43  7:14  Viking x2  
  49  7:19  SCV x2  
  51  7:23  Cyclone  
  51  7:27  Marine x2, Refinery  
  51  7:29  Engineering Bay  
  55  7:31  SCV x2  
  57  7:40  Siege Tank  
  57  7:43  SCV x2  
  62  7:45  Marine x2  
  64  7:56  SCV  
  65  8:02  Missile Turret  
  65  8:03  Marine x2  
  67  8:08  SCV  
  67  8:12  Starport  
  68  8:21  Missile Turret  
  68  8:33  Siege Tank  
  71  8:35  Viking x2  
  71  8:39  Factory Reactor  
  71  8:40  Marine x2  
  77  8:41  Missile Turret  
  77  8:48  Starport Tech Lab  
  77  8:51  Starport  
  77  8:58  Fusion Core  
  77  8:59  SCV  
  77  9:01  Missile Turret  
  78  9:05  Supply Depot  
  78  9:06  Supply Depot  
  78  9:16  Viking x2, SCV  
  83  9:17  Siege Tank  
  83  9:22  Missile Turret  
  86  9:29  Supply Depot  
  86  9:30  Supply Depot  
  86  9:33  Command Center  
  86  9:34  Starport Tech Lab  
  86  9:45  Missile Turret  
  86  9:53  Battlecruiser, Starport  
  92  10:03  Battlecruiser  
  92  10:05  Missile Turret  
  98  10:21  Viking x2  
  102  10:24  Siege Tank  
  102  10:25  Missile Turret  
  105  10:36  Starport Tech Lab  
  105  10:44  Command Center  
  105  10:45  Missile Turret  
  105  10:47  Refinery x2  
  105  10:49  Orbital Command  
  105  11:01  Refinery  
  105  11:08  Armory x2  
  105  11:10  Armory  
  102  11:25  Viking x2  
  106  12:07  Orbital Command  
  100  12:19  Siege Tank  
  103  12:31  Planetary Fortress  
  103  12:43  SCV  
  103  12:44  SCV x2  
  106  12:51  Siege Tank  
  106  12:56  SCV x3  
  112  13:08  SCV x2  
  112  13:09  Missile Turret  
  114  13:19  Missile Turret  
  114  13:21  Battlecruiser  
  114  13:22  Viking  
  114  13:23  Siege Tank  
  114  13:26  Terran Ship Weapons Level 1  
  125  13:27  Terran Vehicle Weapons Level 1  
  125  13:29  Terran Vehicle And Ship Armor Level 1, Missile Turret  
  125  13:40  Missile Turret  
  125  13:49  Missile Turret  
  128  13:55  Siege Tank  
  128  14:00  Missile Turret  
  128  14:08  SCV  
  129  14:10  Missile Turret  
  129  14:12  SCV  
  130  14:20  Missile Turret  
  130  14:21  Battlecruiser, SCV  
  137  14:24  SCV  
  137  14:27  Siege Tank  
  141  14:33  SCV  
  141  14:36  SCV  
  143  14:40  Missile Turret  
  143  14:41  Missile Turret  
  143  14:45  SCV  
  144  14:46  Missile Turret  
  144  14:48  SCV  
  145  14:57  SCV  
  145  14:59  Thor, Missile Turret, Supply Depot  
  152  15:00  SCV  
  152  15:06  Missile Turret  
  153  15:09  SCV  
  153  15:10  Refinery  
  154  15:20  Missile Turret  
  154  15:21  Battlecruiser, SCV  
  160  15:22  Supply Depot  
  161  15:30  Missile Turret  
  161  15:43  Thor  
  167  15:52  Missile Turret  
  167  15:55  Supply Depot  
  167  15:59  Battlecruiser  
  173  16:12  Missile Turret, Terran Vehicle Weapons Level 2  
  173  16:15  Terran Vehicle And Ship Armor Level 2  
  173  16:19  Terran Ship Weapons Level 2  
  173  16:25  Battlecruiser  
  179  16:26  Thor  
  176  17:04  Battlecruiser  
  182  17:09  Thor  
  188  17:28  Orbital Command  
  188  17:29  Battlecruiser  
  163  17:52  Thor  
  156  18:08  Battlecruiser  
  85  18:33  Battlecruiser  
  88  18:35  Thor  
  94  18:46  Starport Reactor  
  94  18:53  Terran Ship Weapons Level 3  
  94  19:07  SCV  
  94  19:08  SCV x2  
  97  19:12  Battlecruiser  
  103  19:17  Thor  
  103  19:20  SCV x2, Terran Vehicle Weapons Level 3  
  96  19:32  SCV x2  
  96  19:38  Battlecruiser  
  104  19:56  Viking  
  106  20:00  Thor  
  106  20:01  Refinery  
  106  20:03  SCV  
  106  20:04  SCV  
  114  20:10  Refinery  
  114  20:16  Battlecruiser, SCV x2  
  122  20:28  SCV  
  123  20:42  Battlecruiser  
  113  21:28  Command Center  
Show
View Real Time Build Order
Export as new Build Order

HUMAN Terran - Winner!

Build Orders: Gas First Reaper Expand 

Get SALT Encoding   

  12  0:01  SCV  
  13  0:16  Supply Depot  
  13  0:17  SCV  
  14  0:30  SCV  
  15  0:35  Refinery  
  15  0:42  Barracks  
  15  0:46  SCV  
  16  1:00  SCV  
  17  1:13  SCV  
  18  1:25  SCV  
  19  1:32  Supply Depot, Reaper  
  20  1:37  Orbital Command  
  20  2:02  Command Center  
  20  2:05  SCV  
  20  2:07  Barracks Tech Lab  
  20  2:08  Barracks Reactor  
  21  2:17  SCV  
  22  2:24  Factory  
  22  2:29  SCV  
  23  3:01  Marine x2  
  22  3:30  Orbital Command  
  22  3:32  Marine x2  
  24  3:34  SCV  
  24  3:37  Factory Tech Lab  
  24  3:39  Starport, Refinery  
  24  3:40  Engineering Bay  
  24  3:41  Supply Depot  
  25  3:46  SCV  
  26  3:50  Marine x2  
  28  3:57  Siege Tank, SCV  
  28  3:59  SCV  
  34  4:10  Marine, SCV  
  34  4:11  SCV, Marine  
  37  4:18  Medivac  
  39  4:28  SCV x2  
  39  4:29  Marine x2  
  43  4:42  SCV x2  
  45  4:45  Barracks  
  45  4:50  Barracks  
  45  4:54  SCV x2  
  39  5:16  Siege Tank  
  39  5:36  SCV x2  
  39  5:37  Barracks Reactor x2  
  41  5:43  Command Center  
  41  5:48  Siege Tank, SCV  
  45  5:57  Starport Tech Lab  
  45  6:07  SCV x2  
  45  6:08  Barracks  
  45  6:09  Barracks Tech Lab  
  47  6:19  SCV x2  
  49  6:31  SCV x2  
  46  6:59  Siege Tank, Marine x4  
  49  7:01  Combat Shield  
  49  7:09  SCV x2  
  49  7:14  Fusion Core  
  51  7:18  Refinery  
  51  7:19  Refinery  
  51  7:21  SCV  
  51  7:22  SCV  
  53  7:27  Marine x3  
  53  7:28  Orbital Command  
  56  7:33  SCV  
  56  7:34  SCV  
  58  7:44  Marine x3  
  58  7:45  SCV  
  58  7:46  SCV  
  63  7:51  Sensor Tower  
  63  7:54  Starport Reactor  
  63  7:57  SCV  
  63  7:58  SCV  
  65  8:00  Starport Reactor  
  65  8:08  SCV  
  65  8:09  SCV  
  65  8:10  SCV  
  68  8:14  Supply Depot  
  68  8:16  Supply Depot  
  68  8:18  Siege Tank  
  71  8:20  Stimpack, SCV  
  71  8:21  SCV  
  71  8:22  SCV  
  74  8:32  SCV  
  74  8:34  SCV x2  
  76  8:40  Weapon Refit  
  77  8:43  Starport  
  77  8:44  SCV  
  77  8:46  SCV x2  
  80  8:56  Marine, SCV  
  80  8:57  Marine x4  
  80  8:58  SCV  
  87  9:04  Terran Infantry Weapons Level 1  
  87  9:06  Engineering Bay  
  87  9:10  Engineering Bay  
  87  9:16  Marine x4  
  91  9:23  Refinery  
  91  9:24  Refinery  
  91  9:32  Battlecruiser  
  91  9:37  Marine x2, SCV  
  91  9:38  Marine  
  101  10:00  Armory  
  101  10:01  Sensor Tower  
  101  10:13  Medivac, Marine x3  
  106  10:17  Supply Depot  
  106  10:18  Supply Depot  
  106  10:19  Marine x3  
  106  10:20  Supply Depot  
  109  10:22  Supply Depot  
  109  10:23  Supply Depot  
  109  10:36  Battlecruiser, Starport  
  109  10:37  Starport  
  115  10:45  Medivac x2  
  119  10:50  Advanced Ballistics  
  119  10:58  Terran Infantry Armor Level 1  
  119  11:00  Terran Infantry Weapons Level 2  
  119  11:07  Command Center  
  119  11:30  Starport Reactor  
  119  11:34  Viking  
  119  11:38  Marine x4  
  125  11:40  Siege Tank  
  125  11:41  Battlecruiser  
  125  11:42  Starport Reactor  
  125  11:44  SCV, Refinery  
  125  11:45  SCV x2  
  132  11:56  SCV  
  132  11:57  SCV x2  
  132  12:02  Caduceus Reactor  
  132  12:07  Refinery  
  129  12:23  Command Center  
  129  12:24  Interference Matrix  
  129  12:27  Refinery  
  129  12:30  Refinery  
  129  12:36  Viking  
  131  12:45  Raven  
  131  12:46  Orbital Command  
  131  12:50  SCV x3  
  136  12:58  Terran Infantry Armor Level 2  
  136  13:02  SCV  
  136  13:03  Terran Ship Weapons Level 1, SCV x2  
  139  13:09  Armory  
  139  13:11  Viking  
  139  13:12  Viking x2  
  145  13:13  Armory  
  145  13:19  Raven  
  147  13:25  Ghost Academy  
  147  13:26  Ghost Academy  
  147  13:36  Orbital Command  
  147  13:37  Supply Depot  
  147  13:40  SCV x4  
  151  13:50  Viking  
  151  13:52  SCV x4  
  151  13:53  Raven  
  159  14:08  Terran Vehicle And Ship Armor Level 1  
  159  14:09  Terran Infantry Weapons Level 3  
  159  14:27  Raven  
  159  14:28  Viking x3  
  167  14:33  Viking  
  167  14:37  Terran Vehicle Weapons Level 1  
  169  14:57  Barracks Tech Lab  
  169  14:59  Ghost  
  169  15:00  Barracks Tech Lab  
  169  15:02  Personal Cloaking, Battlecruiser, Nuke  
  177  15:21  Viking x4  
  183  15:22  Terran Ship Weapons Level 2  
  183  15:28  Ghost  
  187  15:37  SCV x3  
  187  15:41  Refinery  
  187  15:42  Command Center  
  190  15:43  Refinery  
  190  15:56  Ghost  
  192  16:21  Terran Vehicle And Ship Armor Level 2  
  192  16:25  Terran Infantry Armor Level 3  
  192  16:27  Smart Servos  
  192  16:28  Nuke  
  192  16:53  Nuke  
  192  17:00  SCV x2  
  192  17:01  SCV  
  195  17:07  Orbital Command  
  195  17:56  Terran Ship Weapons Level 3  
  157  18:08  Marine  
  157  18:09  Marine x6  
  109  18:26  Marine  
  103  18:27  Marine x6  
  103  18:33  Battlecruiser  
  103  18:34  Viking x5  
  125  18:44  Marine  
  125  18:45  Marine x6  
  132  19:02  Marine x6  
  133  19:03  Marine  
  133  19:04  Viking x5  
  149  19:10  Supply Depot  
  149  19:11  Supply Depot  
  149  19:13  Supply Depot  
  149  19:20  Marine  
  150  19:34  Viking x4, Battlecruiser, Supply Depot  
  150  19:37  Battlecruiser  
  150  19:38  Ghost  
  162  19:43  Terran Vehicle And Ship Armor Level 3  
  164  19:46  Marine  
  164  19:47  Marine x5  
  164  19:48  Nuke  
  170  20:02  Hellbat  
  170  20:04  Viking, Marine x6  
  170  20:06  Ghost  
  180  20:08  Viking x3  
  180  20:13  Refinery  
  188  20:22  Marine x6  
  194  20:35  Marine  
  194  20:39  Raven, Marine  
  194  20:41  Raven  
  142  23:02  Terran Vehicle Weapons Level 2  
  142  23:42  Nuke  
  142  23:43  Nuke  
  142  23:55  Command Center  
  142  24:27  Marine x7  
  142  24:30  Supply Depot  
  142  24:45  Marine x7  
  142  24:53  Supply Depot  
  142  25:03  Marine x7  
  142  25:17  Supply Depot  
  142  25:21  Marine x4  
  142  25:41  Supply Depot  
Tags
 
Add a new tag
Caveats
  • Supply blocks, unpowered buildings, or Contaminate may cause inaccurate times.
  • Supply counts are checked every 10 seconds.